 Dungeon Sprint DCSS version 0.19-a0-1532-g228a5d9 (webtiles) character file.

83 poirepourri the Covert (level 4, -7/21 HPs)
             Began as a Spriggan Enchanter on Sept 13, 2016.
             Killed by divine providence
             ... invoked by an oklob sapling priest
              (15 damage)
             ... in the Dungeon (Sprint IV: "Fedhas' Mad Dash").
             The game lasted 00:00:36 (182 turns).

poirepourri the Covert (Spriggan Enchanter)          Turns: 182, Time: 00:00:37

Health: -7/21      AC:  3    Str:  4    XL:     4   Next: 22%
Magic:  0/9        EV: 22    Int: 16    God:
Gold:   77         SH:  0    Dex: 17    Spells: 3 memorised, 2 levels left

rFire  . . .     SeeInvis +     a - +1 dagger
rCold  . . .     Gourm    .     b - +1 robe
rNeg   . . .     Faith    .     (shield restricted)
rPois  .         Spirit   .     (helmet restricted)
rElec  .         Dismiss  .     (no cloak)
rCorr  .         Reflect  .     (gloves unavailable)
MR     .....     Harm     .     (boots unavailable)
Stlth  ++++++.... NoTele   +    (no amulet)
                                (no ring)
                                (no ring)

@: very quick
A: unfitting armour, see invisible, herbivore 3, speed 3, slow metabolism 2
a: no special abilities


You were in the Dungeon.
You were not hungry.

You visited 1 branch You collected 77 gold pieces.

Inventory:

Hand Weapons
 a - a +1 dagger (weapon)
Armour
 b - a +1 robe (worn)
Jewellery
 k - the amulet of invisibility {+Inv}
   (You found it in the Dungeon)

   [amulet of nothing]

   It lets you turn invisible.
Scrolls
 j - a scroll of blinking
Potions
 e - a potion of curing
 f - a potion of heal wounds
 g - a potion of haste
 h - 2 potions of magic
 i - a potion of berserk rage
 l - a potion of invisibility {unknown}
Books
 c - a book of Maledictions

   Spells                             Type                      Level
   a - Corona                         Hexes                        1
   b - Ensorcelled Hibernation        Hexes/Ice                    2
   c - Confuse                        Hexes                        3
   d - Tukima's Dance                 Hexes                        3
   e - Dazzling Spray                 Conjuration/Hexes            3
Comestibles
 d - a bread ration


   Skills:
 + Level 1.4 Short Blades
 + Level 6.2 Dodging
 + Level 11.9 Stealth
 + Level 2.6 Spellcasting
 + Level 3.6 Hexes


You had 2 spell levels left.
You knew the following spells:

 Your Spells              Type           Power        Failure   Level  Hunger
a - Corona                Hex            ##.....      6%          1    #......
b - Ensorcelled Hibernat  Hex/Ice        #.....       17%         2    ##.....
c - Confuse               Hex            ##......     14%         3    ###....


Dungeon Overview and Level Annotations

Branches:
Dungeon (1/1)

Altars:
Cheibriados
Dithmenos
Gozag
Hepliaklqana
Makhleb
Nemelex Xobeh
Okawaru
Ru
Sif Muna
Trog
Xom
Yredelemnul
Zin
Beogh
Jiyva

Annotations:
D exclusion: oklob sapling


Innate Abilities, Weirdness & Mutations

You are tiny and cannot use many weapons and most armour.
You have supernaturally acute eyesight. (SInv)
You are a herbivore.
You cover ground extremely quickly.
You need consume almost no food.


Message History

The oklob sapling priest resists with some effort.
The oklob sapling priest calls down the wrath of its god upon you.
Something smites you!
Ouch! That really hurt!
Casting: Confuse
Confirm with . or Enter, or press ? or * to list all spells.
Aiming: Confuse
Press: ? - help, Shift-Dir - straight line, f/p - oklob sapling priest
Aim: an oklob sapling priest (chance to defeat MR: 44%)
The oklob sapling priest resists with some effort.
Casting: Confuse
Confirm with . or Enter, or press ? or * to list all spells.
Aiming: Confuse
Press: ? - help, Shift-Dir - straight line, f/p - oklob sapling priest
Aim: an oklob sapling priest (chance to defeat MR: 44%)
The oklob sapling priest resists with some effort.
The oklob sapling priest mumbles some strange prayers to its god against you.
Something smites you!
Ouch! That really hurt!
You die...

########################
..P#.....#.....#.⌠._._._
P..'..†..'.#...'.._._._.
PPP#.....#.#...#@.._._P_
#############'##.._._._.
+...#.⌠._._._
#...######### #####


You could see an oklob sapling priest.

Vanquished Creatures
  2 oklob saplings (D)
  A worker ant (D)
  A river rat (D)
  A rat (D)
5 creatures vanquished.

Notes
Turn   | Place    | Note
-------+----------+-------------------------------------------
     0 | D        | poirepourri the Spriggan Enchanter began the quest for the Orb.
     0 | D        | Reached XP level 1. HP: 9/9 MP: 5/5
     8 | D        | Reached skill level 7 in Stealth
     8 | D        | Reached XP level 2. HP: 13/13 MP: 6/6
    25 | D        | Learned a level 2 spell: Ensorcelled Hibernation
   134 | D        | Noticed an oklob sapling
   135 | D        | Killed an oklob sapling
   135 | D        | Reached skill level 5 in Dodging
   135 | D        | Reached skill level 9 in Stealth
   135 | D        | Reached XP level 3. HP: 16/16 MP: 8/8
   139 | D        | Reached skill level 10 in Stealth
   160 | D        | Learned a level 3 spell: Confuse
   161 | D        | Noticed an oklob sapling
   164 | D        | Killed an oklob sapling
   164 | D        | Reached skill level 11 in Stealth
   164 | D        | Reached XP level 4. HP: 21/21 MP: 9/9
   177 | D        | Found an opulent altar of Gozag.
   177 | D        | Found a hazy altar of Hepliaklqana.
   177 | D        | Found a burning altar of Makhleb.
   177 | D        | Found a roughly hewn altar of Beogh.
   177 | D        | Found a sparkling altar of Nemelex Xobeh.
   177 | D        | Found a snail-covered altar of Cheibriados.
   177 | D        | Found a sacrificial altar of Ru.
   177 | D        | Found a deep blue altar of Sif Muna.
   177 | D        | Found a shimmering altar of Xom.
   177 | D        | Found a basalt altar of Yredelemnul.
   178 | D        | Found a viscous altar of Jiyva.
   178 | D        | Found a bloodstained altar of Trog.
   179 | D        | Found an iron altar of Okawaru.
   179 | D        | Found a glowing silver altar of Zin.
   179 | D        | Found a shadowy altar of Dithmenos.
   182 | D        | Killed from afar by an oklob sapling priest

Vault maps used:
D:        dungeon_sprint_fedhas

Skill      XL: |  1  2  3 |
---------------+----------+-----
Dodging        | 4 5 6 |  6.2
Stealth        | 7 9 11 | 11.9
Short Blades   | |  1.4
Spellcasting   | |  2.6
Hexes          | |  3.6

Action                   |  1- 3 |  4- 6 || total
-------------------------+-------+-------++-------
Melee: Dagger            |    13 |       ||    13
 Cast: Confuse           |       |     3 ||     3
  Use: Scroll            |     1 |       ||     1
 Stab: Sleeping          |     4 |       ||     4
Armor: Robe              |     1 |       ||     1
Dodge: Dodged            |     7 |       ||     7
